 Dungeon Crawl Stone Soup version 0.30-a0-165-g1891117ce2 (webtiles) character file.

Game seed: 2715658902513444829

967 qw the Chopper (level 8, -17/49 HPs)
             Began as a Gargoyle Fighter on Sept 28, 2022.
             Demolished by an ogre
             ... wielding a +0 giant club
              (29 damage)
             ... on level 4 of the Dungeon.
             The game lasted 00:01:55 (6174 turns).

qw the Chopper (Gargoyle Fighter)                   Turns: 6174, Time: 00:01:55

Health: -17/49     AC: 12    Str: 21    XL:     8   Next: 15%
Magic:  8/8        EV:  9    Int: 10    God:
Gold:   101        SH:  9    Dex:  9    Spells: 7/7 levels left

rFire   . . .      SeeInvis .    Y - +0 war axe
rCold   . . .      Faith    .    c - +0 buckler
rNeg    + . .      Spirit   .    b - +0 scale mail
rPois   inf        Reflect  +    (no helmet)
rElec   +          Harm     .    (no cloak)
rCorr   .          Rampage  .    (no gloves)
Will    .....                    (no boots)
Stlth   ..........               k - amulet of reflection
HPRegen 0.16/turn                (no ring)
MPRegen 0.11/turn                (no ring)

@: no status effects
A: sickness immunity, AC +5, negative energy resistance 1, electricity
resistance, torment resistance 1, petrification resistance
a: no special abilities


You were on level 4 of the Dungeon.
You visited 2 branches of the dungeon, and saw 5 of its levels.

You collected 186 gold pieces.
You spent 85 gold pieces at shops.


Innate Abilities, Weirdness & Mutations

You are immune to sickness and miasma.
Your stone body is resilient. (AC +5)
You are immune to poison.
You resist negative energy. (rN+)
You are resistant to electric shocks. (rElec)
You are resistant to unholy torment.
You are immune to petrification.


   Skills:
 - Level 5.0 Fighting
 + Level 7.6 Axes
 - Level 3.2 Armour
 - Level 1.5 Dodging
 - Level 3.2 Shields


You had 7 spell levels left.
You didn't know any spells.
Your spell library was empty.

Inventory:

Hand Weapons
 j - a +0 morningstar
 Y - a +0 war axe (weapon)
Armour
 b - a +0 scale mail (worn)
 c - a +0 buckler (worn)
 e - a +0 chain mail
Jewellery
 k - an amulet of reflection (around neck)
Scrolls
 h - a scroll of fog {unknown}
 i - 3 scrolls of identify
Potions
 a - a potion of cancellation
 d - a potion of might
 f - a potion of lignification
 g - 3 potions of curing

Dungeon Overview and Level Annotations

Branches:
Dungeon (4/15)             Temple (1/1) D:4

Altars:
Cheibriados
Dithmenos
Makhleb
Nemelex Xobeh
Ru
Uskayaw
Vehumet
Xom
Yredelemnul
Zin

Shops:
D:2 *

Annotations:
D:3 1 runed translucent door, Crazy Yiuf


Message History

An ogre comes into view. It is wielding a +0 giant club.
There is an open door here.
Things that are here:
a +0 flail of protection; a +0 club; an orc corpse You block the gnoll's attack.
The orc hits you with a +0 flail.
You closely miss the orc. You block the gnoll's attack.
You block the orc's attack.
You barely miss the orc. You block the gnoll's attack.
The orc hits you with a +0 flail.
A gnoll comes into view. It is wielding a +0 flail.
You barely miss the orc.
A gnoll comes into view. It is wielding a +0 whip.
The gnoll hits you but does no damage. The orc hits you but does no damage.
You barely miss the orc. The gnoll barely misses you.
The orc hits you with a +0 flail. The gnoll barely misses you.
The orc hits you but does no damage.
You slash the orc!
You kill the orc!
The gnoll completely misses you. The gnoll hits you but does no damage.
You see here a +0 flail.
You hit the gnoll but do no damage. You block the gnoll's attack.
You hit the gnoll.
The gnoll is heavily wounded.
You block the gnoll's attack.
You completely miss the gnoll.
The gnoll is heavily wounded.
You block the gnoll's attack.
You slash the gnoll!
You kill the gnoll!
You hit the ogre.
The ogre is lightly wounded.
The ogre hits you with a +0 giant club!
You slash the ogre!
The ogre is heavily wounded.
An orc comes into view. It is wielding a +0 dagger.
The ogre hits you with a +0 giant club!!
Ouch! That really hurt!
You die...

................................#
....................)............
~~~~~~~~~....~~~~~~~~~~~~~~~~~~~.
~~~~~~~~~....~~~~~~~~~~~~~~~~~~~.
~~~~~~~~~....~~~~~~~~~~~~#####~~.
.........................#o..#~~.
#########''''#############...#~~P
#....#######)....#'###~~.
+....ggO@.)')....#.#.~~~.
#..o.#######)....# #.~~~. ##++##
####### #.~~~. #.~~~. #.~~~.
#.~~~. #.~~~. #.#.~~~. #'###~~.


You could see an ogre, 2 gnolls and an orc.

Vanquished Creatures
  Sigmund (D:3)
  Eustachio (D:3)
  A black bear (D:4)
  A necrophage (D:4)
  2 scorpions (D:3)
  A howler monkey (D:4)
  2 hounds (D:4)
  Jessica (D:3)
  Ijyb (D:3)
  9 gnolls (D:4)
  4 adders
  2 worms
  4 dart slugs
  6 orcs
  4 ball pythons
  9 endoplasms
  3 giant cockroaches
  5 goblins
  12 hobgoblins
  23 jackals
  4 quokkas
  8 bats
  2 frilled lizards (D:2)
  8 kobolds
  3 rats
117 creatures vanquished.

Vanquished Creatures (others)
  A plant (D:4)
1 creature vanquished.

Grand Total: 118 creatures vanquished

Notes
Turn   | Place    | Note
-------+----------+-------------------------------------------
     0 | D:1      | qw the Gargoyle Fighter began the quest for the Orb.
     0 | D:1      | Reached XP level 1. HP: 14/14 MP: 1/1
     0 | D:1      | 0 ||| qw: Version: 0.2-a-10-g37ed214
     0 | D:1      | 0 ||| qw: Game counter: 731
     0 | D:1      | 0 ||| qw: Always use a shield: true
     0 | D:1      | 0 ||| qw: God list: Okawaru
     0 | D:1      | 0 ||| qw: Allow faded altars: false
     0 | D:1      | 0 ||| qw: Do Orc after D:15 true
     0 | D:1      | 0 ||| qw: Do second Lair branch before Depths: true
     0 | D:1      | 0 ||| qw: Lair rune preference: random
     0 | D:1      | 0 ||| qw: Plans: Normal, Zot:1-4, God:TSO, Crypt, Tomb,
                  | Pan, Slime:5, Hells, Abyss, Orb
     0 | D:1      | 0 ||| PLANNING D:1-11
    28 | D:1      | Reached skill level 2 in Axes
   233 | D:1      | You fall into a shaft and drop 1 floor!
   252 | D:2      | HP: 1/14 [worm (6)]
   255 | D:2      | Reached XP level 2. HP: 2/19 MP: 2/2
   609 | D:2      | 609 ||| Stepping ~*~*~tactically~*~*~ (stealth).
   800 | D:2      | 800 ||| Stepping ~*~*~tactically~*~*~ (stealth).
   856 | D:2      | 856 ||| READING scroll labelled BAOBYT SESIE.
   857 | D:2      | 857 ||| READING 2 scrolls labelled ILE KUCZUN.
   858 | D:2      | 858 ||| DRINKING 2 silvery potions.
   859 | D:2      | 859 ||| DRINKING 2 yellow potions.
   885 | D:1      | 885 ||| Stepping ~*~*~tactically~*~*~ (stealth).
   891 | D:1      | Reached skill level 3 in Axes
   896 | D:1      | Reached XP level 3. HP: 20/23 MP: 3/3
  1598 | D:1      | 1598 ||| UPGRADING to amulet of reflection.
  1603 | D:1      | 1603 ||| READING scroll labelled UMOAHA VOTO.
  1604 | D:1      | 1604 ||| DRINKING 2 viscous dark potions.
  1605 | D:1      | 1605 ||| DROPPING potion of degeneration.
  1975 | D:2      | Found a faded altar of an unknown god.
  1979 | D:2      | 1979 ||| DROPPING +0 club.
  2174 | D:2      | Found Ocimyacao's Assorted Antiques.
  2182 | D:2      | 2182 ||| SHOPLISTING glowing whip (121 gold, have 106).
  2182 | D:2      | 2182 ||| BUYING ruby potion (19 gold).
  2182 | D:2      | Bought a ruby potion for 19 gold pieces
  2182 | D:2      | 2182 ||| BUYING scroll labelled COAWAZO COUGG (22 gold).
  2182 | D:2      | Bought a scroll labelled COAWAZO COUGG for 22 gold pieces
  2182 | D:2      | 2182 ||| BUYING scroll of identify (44 gold).
  2182 | D:2      | Bought a scroll of identify for 44 gold pieces
  2460 | D:2      | Reached XP level 4. HP: 28/28 MP: 4/4
  2507 | D:2      | 2507 ||| Stepping ~*~*~tactically~*~*~ (stealth).
  2629 | D:2      | 2629 ||| READING scroll labelled COAWAZO COUGG.
  2632 | D:2      | 2632 ||| READING scroll labelled OFOESU ZATIA.
  2633 | D:2      | 2633 ||| DRINKING 2 ruby potions.
  2688 | D:2      | 2688 ||| READING 4 scrolls of identify.
  2688 | D:2      | 2688 ||| IDENTIFYING cyan potion
  2689 | D:2      | 2689 ||| READING 3 scrolls of identify.
  2689 | D:2      | 2689 ||| IDENTIFYING fizzy clear potion
  2690 | D:2      | 2690 ||| READING 2 scrolls of identify.
  2690 | D:2      | 2690 ||| IDENTIFYING amethyst potion
  2691 | D:2      | 2691 ||| DROPPING potion of invisibility.
  2692 | D:2      | 2692 ||| DROPPING potion of brilliance.
  2723 | D:3      | Found a basalt altar of Yredelemnul.
  2730 | D:3      | 2730 ||| Stepping ~*~*~tactically~*~*~ (stealth).
  2736 | D:3      | Reached skill level 4 in Axes
  2763 | D:3      | 2763 ||| Stepping ~*~*~tactically~*~*~ (stealth).
  2935 | D:3      | Found a runed translucent door.
  2936 | D:3      | Noticed Crazy Yiuf
  3115 | D:3      | Noticed Jessica
  3116 | D:3      | 3116 ||| Stepping ~*~*~tactically~*~*~ (hiding).
  3131 | D:3      | Killed Jessica
  3312 | D:3      | Reached XP level 5. HP: 32/32 MP: 5/5
  3365 | D:3      | Noticed Ijyb
  3376 | D:3      | HP: 6/32 [Ijyb/+0 dagger (7)]
  3377 | D:3      | 3377 ||| DRINKING potion of heal wounds.
  3381 | D:3      | Killed Ijyb
  3637 | D:3      | 3637 ||| DROPPING +2 vorpal hand axe.
  3686 | D:3      | 3686 ||| DROPPING +0 whip.
  3792 | D:3      | Noticed Sigmund
  3793 | D:3      | 3793 ||| Stepping ~*~*~tactically~*~*~ (hiding).
  3804 | D:3      | Killed Sigmund
  3805 | D:3      | Reached skill level 6 in Axes
  3805 | D:3      | Reached XP level 6. HP: 37/37 MP: 6/6
  3828 | D:3      | 3828 ||| DROPPING +2 flail of distortion.
  3891 | D:3      | Found a sparkling altar of Nemelex Xobeh.
  4095 | D:3      | 4095 ||| DROPPING ring of wizardry.
  4096 | D:3      | 4096 ||| READING scroll labelled MIFUIVVUSH.
  4097 | D:3      | 4097 ||| READING 2 scrolls labelled BUGGEFA XOICUL.
  4098 | D:3      | 4098 ||| READING scroll labelled XILOLOI BEYNLI.
  4099 | D:3      | 4099 ||| DROPPING scroll of vulnerability.
  4130 | D:4      | 4130 ||| STAIRDANCE
  4209 | D:4      | 4209 ||| STAIRDANCE
  4317 | D:4      | 4317 ||| STAIRDANCE
  4373 | D:4      | Noticed Eustachio
  4374 | D:4      | 4374 ||| STAIRDANCE
  4377 | D:3      | Reached skill level 1 in Dodging
  4377 | D:3      | Reached XP level 7. HP: 40/43 MP: 7/7
  4450 | D:4      | 4450 ||| STAIRDANCE
  4560 | D:4      | 4560 ||| STAIRDANCE
  4568 | D:3      | 4568 ||| FLEEEEING.
  4569 | D:3      | 4569 ||| FLEEEEING.
  4570 | D:3      | 4570 ||| FLEEEEING.
  4572 | D:3      | 4572 ||| FLEEEEING.
  4574 | D:3      | 4574 ||| FLEEEEING.
  4577 | D:3      | 4577 ||| FLEEEEING.
  4578 | D:3      | 4578 ||| FLEEEEING.
  4579 | D:3      | 4579 ||| FLEEEEING.
  4582 | D:3      | 4582 ||| FLEEEEING.
  4583 | D:3      | 4583 ||| FLEEEEING.
  4584 | D:3      | 4584 ||| FLEEEEING.
  4585 | D:3      | 4585 ||| FLEEEEING.
  4587 | D:3      | 4587 ||| FLEEEEING.
  4589 | D:3      | 4589 ||| FLEEEEING.
  4590 | D:3      | 4590 ||| FLEEEEING.
  4591 | D:3      | 4591 ||| FLEEEEING.
  4594 | D:3      | 4594 ||| FLEEEEING.
  4595 | D:3      | 4595 ||| FLEEEEING.
  4596 | D:3      | 4596 ||| FLEEEEING.
  4616 | D:3      | HP: 10/43 [river rat[Eustachio] (5)]
  4620 | D:3      | Killed Eustachio
  4978 | D:4      | Found a glowing silver altar of Zin.
  5176 | D:4      | Reached skill level 7 in Axes
  5267 | D:4      | Found a staircase to the Ecumenical Temple.
  5268 | D:4      | 5268 ||| PLANNING TEMPLE
  5395 | Temple   | Entered the Ecumenical Temple
  5429 | Temple   | 5429 ||| PLANNING D:1-11
  5603 | D:4      | 5603 ||| Stepping ~*~*~tactically~*~*~ (hiding).
  5977 | D:4      | Reached XP level 8. HP: 47/49 MP: 8/8
  6173 | D:4      | HP: 12/49 [ogre/+0 giant club (17)]
  6174 | D:4      | Demolished by an ogre

Levels and vault maps discovered:
D:1:      spicycebolla_green_bress_n_ham_2, layout_basic
D:2:      layout_basic, serial_shops, shop, hellmonk_ecumenical_altar_lost_god,
          grunt_ministairs_5
D:3:      layout_loops_corners, lemuel_doored_altar, yredelemnul_altar_generic,
          uniq_jessica, uniq_crazy_yiuf_cottage, uniq_sigmund, uniq_ijyb
D:4:      lemuel_castle_with_subvaults [lemuel_castle_interior_original],
          layout_basic, mainiacjoe_overflow_cross_hatched,
          minmay_temple_entry_slanted, uniq_eustachio
Temple:   hellmonk_temple_of_storms

Skill      XL: |  1  2  3  4  5  6  7 |
---------------+----------------------+-----
Axes           | 2 3 4 6 7 |  7.6
Fighting       | 4 5 |  5.0
Dodging        | 1 |  1.5
Armour         | |  3.2
Shields        | |  3.2

Action                   |  1- 3 |  4- 6 |  7- 9 || total
-------------------------+-------+-------+-------++-------
Melee: War axe           |   134 |   110 |   147 ||   391
  Use: Scroll            |     3 |     8 |       ||    11
       Potion            |     3 |     2 |       ||     5
 Stab: Distracted        |       |     1 |       ||     1
Armor: Scale mail        |    62 |    41 |    79 ||   182
Dodge: Dodged            |    72 |    37 |    80 ||   189
Block: Buckler           |    39 |    50 |    83 ||   172
       Reflection        |     2 |       |       ||     2

Table legend:
 A = Non-vault XP
 B = Vault XP
 C = Vault XP percentage of total XP
 D = Non-vault monster count
 E = Vault monster count
 F = Vault count percentage of total count
                 A         B        C        D         E       F
            +---------+---------+-------+---------+---------+-------
      Total |     623 |     759 |  54.9 |      86 |      31 |  26.5
            +---------+---------+-------+---------+---------+-------
        D:1 |      44 |       0 |   0.0 |      24 |       0 |   0.0
        D:2 |      38 |      14 |  26.9 |      19 |       2 |   9.5
        D:3 |     247 |     495 |  66.7 |      28 |       4 |  12.5
        D:4 |     294 |     250 |  46.0 |      15 |      25 |  62.5
            +---------+---------+-------+---------+---------+-------
